Map: Ley Lines

Players

KimChiLoVer - Winner!

  • Race: Terran Terran
  • Spawn Location: 7:00

VOD

Have the link to the VOD?

Description

Time

  • Played on: Aug. 11, 2025, 10:43 p.m.
  • Length: 10:30
Show
View Real Time Build Order
Export as new Build Order

KimChiLoVer Terran - Winner!

Build Orders: Reaper Expand 

Get SALT Encoding   

  12  0:03  SCV  
  12  0:15  SCV  
  12  0:18  Supply Depot  
  12  0:27  SCV  
  12  0:40  SCV  
  12  0:41  Barracks  
  12  0:45  Refinery  
  12  0:52  SCV  
  12  1:04  SCV  
  12  1:16  SCV  
  12  1:28  Orbital Command  
  12  1:29  Reaper  
  12  1:41  Command Center  
  12  1:52  Supply Depot  
  12  1:55  SCV  
  12  2:05  Factory  
  12  2:07  SCV  
  12  2:11  Refinery  
  12  2:15  Marine  
  12  2:19  SCV  
  12  2:30  Barracks  
  12  2:31  SCV  
  12  2:35  Barracks  
  12  2:42  Barracks Reactor  
  12  2:43  SCV  
  12  2:49  Factory Tech Lab  
  12  2:53  Orbital Command  
  12  2:55  SCV  
  12  3:08  SCV  
  12  3:20  SCV  
  12  3:25  Command Center  
  12  3:27  Marine  
  12  3:28  Marine  
  12  3:32  SCV  
  12  3:35  SCV  
  12  3:47  Stimpack  
  12  3:49  Barracks  
  12  3:52  Factory Reactor, Starport  
  12  3:58  Engineering Bay  
  12  4:01  Engineering Bay  
  12  4:11  Barracks  
  12  4:15  SCV  
  12  4:16  SCV  
  12  4:27  SCV  
  12  4:29  Terran Infantry Weapons Level 1, Supply Depot  
  12  4:32  Terran Infantry Armor Level 1  
  12  4:38  Refinery  
  12  4:40  SCV, Medivac  
  12  4:42  Medivac  
  12  4:44  Marine  
  12  4:49  Orbital Command  
  12  4:52  Factory Tech Lab  
  12  4:55  Barracks Tech Lab  
  12  4:56  Barracks Reactor  
  12  5:04  Marine x3  
  12  5:05  Marine  
  12  5:06  SCV  
  12  5:07  SCV  
  12  5:15  Combat Shield  
  12  5:16  Marine  
  12  5:22  Marine x3  
  12  5:23  Barracks Tech Lab  
  12  5:29  Refinery  
  12  5:31  SCV x2  
  12  5:33  SCV  
  12  5:34  Marine  
  12  5:39  Armory  
  12  5:40  Marine x2  
  12  5:43  SCV  
  12  5:44  SCV  
  12  5:46  Supply Depot, Marine x2  
  12  5:47  Marine x2  
  12  5:51  Viking  
  12  5:59  SCV x2, Supply Depot  
  12  6:00  SCV  
  12  6:04  Concussive Shells  
  12  6:07  Marine  
  12  6:11  SCV x2  
  12  6:13  Supply Depot  
  12  6:17  Siege Tank  
  12  6:18  Marine x2  
  12  6:21  Supply Depot  
  12  6:26  Orbital Command  
  12  6:33  Marine  
  12  6:34  Marauder x2, Marine x2  
  12  6:35  Terran Infantry Weapons Level 2  
  12  6:36  Marine  
  12  6:39  Terran Infantry Armor Level 2  
  12  6:42  Terran Vehicle And Ship Armor Level 1  
  12  6:53  SCV x3  
  12  6:56  Viking  
  12  7:01  Barracks  
  12  7:05  SCV  
  12  7:09  Barracks  
  12  7:10  Barracks  
  12  7:11  SCV x2  
  12  7:15  Marine  
  12  7:16  Marauder, Marine  
  12  7:17  SCV  
  12  7:19  Siege Tank  
  12  7:30  SCV, Supply Depot  
  12  7:31  Supply Depot  
  12  7:37  Marauder, Medivac  
  12  7:38  Medivac  
  12  7:40  SCV  
  12  7:42  SCV x2, Refinery  
  12  7:44  Refinery  
  12  7:48  Command Center  
  12  7:53  Marauder, Marine x2  
  12  7:57  Barracks Tech Lab  
  12  7:58  Barracks Reactor  
  12  7:59  Barracks Tech Lab  
  12  8:01  Marauder, Marine  
  12  8:08  Supply Depot  
  12  8:13  SCV x3  
  12  8:14  Medivac  
  12  8:22  Marauder, Starport, Marine  
  12  8:23  Marine  
  12  8:25  SCV x2  
  12  8:28  Marauder, Marine  
  12  8:37  Marine x5  
  12  8:48  Supply Depot x2  
  12  8:51  Marauder x2  
  12  9:00  Viking x2, Marine x3  
  12  9:01  Starport Reactor  
  12  9:02  Orbital Command  
  12  9:09  Supply Depot  
  12  9:11  Supply Depot  
  12  9:22  Marauder x2  
  12  9:23  Marauder, Marine  
  12  9:38  Marauder, Marine x3, Orbital Command  
  12  9:39  Marauder, Marine  
  12  9:42  Medivac x2  
  12  9:44  Viking x2  
  12  9:50  Supply Depot  
  12  9:54  Supply Depot  
  12  9:56  Marauder x3  
  12  10:00  Marauder  
  12  10:09  Marauder, Marine x5  
  12  10:10  Marine  
Tags
 
Add a new tag
Caveats
  • Supply blocks, unpowered buildings, or Contaminate may cause inaccurate times.
  • Supply counts are checked every 10 seconds.